 Dungeon Crawl Stone Soup version 0.22.1-1-ga44c0e5 (webtiles) character file.

3371 Velaskes the Basher (level 10, 0/160 HPs)
             Began as an Ogre Berserker on Nov 2, 2018.
             Was an Elder of Trog.
             Slain by a porcupine (2 damage)
             ... on level 8 of the Dungeon.
             The game lasted 00:33:57 (9932 turns).

Velaskes the Basher (Ogre Berserker)                Turns: 9932, Time: 00:33:57

Health: 0/160      AC:  5    Str: 31    XL:     10   Next: 3%
Magic:  10/10      EV: 11    Int:  8    God:    Trog [****..]
Gold:   367        SH:  0    Dex:  8    Spells: 9/9 levels left

rFire    + . .     SeeInvis .   y - +0 giant spiked club
rCold    . . .     Gourm    .   (shield currently unavailable)
rNeg     . . .     Faith    .   b - +1 animal skin
rPois    +         Spirit   .   (helmet restricted)
rElec    .         Reflect  .   u - +0 cloak
rCorr    .         Harm     .   (gloves unavailable)
MR       +++..                  (boots unavailable)
Stlth    ..........             (no amulet)
HPRegen  1.36/turn              m - ring of poison resistance
MPRegen  0.12/turn              d - ring of protection from fire

@: berserking, regenerating, very quick
A: large, unfitting armour, tough skin 1
a: Berserk, Trog's Hand, Brothers in Arms, Renounce Religion


You were on level 8 of the Dungeon.
You worshipped Trog.
Trog was greatly pleased with you.
You were very hungry.

You visited 1 branch of the dungeon, and saw 8 of its levels.
You also visited: Ossuary.

You collected 367 gold pieces.

Inventory:

Hand Weapons
 a - a +0 mace
 w - a +1 giant club
 y - a +0 giant spiked club (weapon)
Missiles
 L - 3 throwing nets (quivered)
Armour
 b - a +1 animal skin (worn)
 f - a +0 robe
 u - a +0 cloak (worn)
 E - a +0 large shield
Jewellery
 d - a ring of protection from fire (right hand)
 e - a +6 ring of intelligence
 m - a ring of poison resistance (left hand)
 t - an uncursed ring of fire
 A - an uncursed ring of positive energy
 N - an uncursed ring of attention
Wands
 n - a wand of polymorph (17)
 q - a wand of flame (29)
 z - a wand of paralysis (18)
 B - a wand of iceblast (6)
 I - a wand of enslavement (7)
Scrolls
 h - 4 scrolls of blinking
 i - 4 scrolls of teleportation
 j - 4 scrolls of remove curse
 p - 4 scrolls of identify
 r - 2 scrolls of magic mapping
 D - 2 scrolls of noise
 H - 3 scrolls of enchant armour
 J - 2 scrolls of fear {unknown}
Potions
 g - a potion of lignification
 k - 2 potions of invisibility
 l - a potion of cancellation
 o - a potion of magic
 s - a potion of resistance {unknown}
 v - 2 potions of flight
 x - a potion of agility
 C - a potion of curing
 F - a potion of might
 K - a potion of berserk rage
 M - a potion of brilliance
Comestibles
 c - 11 rations


   Skills:
 + Level 9.0 Fighting
 + Level 10.0 Maces & Flails
 + Level 5.5 Dodging
 + Level 3.0 Stealth
 + Level 0.2 Unarmed Combat


You had 9 spell levels left.
You didn't know any spells.
Your spell library was empty.

Dungeon Overview and Level Annotations

Branches:
Dungeon (8/15)             Temple (0/1) D:7
   Lair: D:8-11

Altars:
Elyvilon
Fedhas
Gozag
Kikubaaqudgha
Makhleb
Nemelex Xobeh
Okawaru
Wu Jian
Xom
Yredelemnul
Zin

Shops:
D:4 :


Innate Abilities, Weirdness & Mutations

You are too large for most types of armour.
You have tough skin. (AC +1)


Message History

The porcupine bites the plant but does no damage.
The porcupine closely misses you.
Your skin crawls.
You feel resistant to hostile enchantments.
You feel somewhat more hungry. The porcupine bites you!
* * * LOW HITPOINT WARNING * * *
The porcupine misses you.
You feel better. The porcupine bites you!
* * * LOW HITPOINT WARNING * * *
Okay, then.
A red film seems to cover your vision as you go berserk!
You feel yourself moving faster!
You feel mighty!
You are feeling very hungry.
The porcupine misses you.
You are struck by the porcupine's spines.
* * * LOW HITPOINT WARNING * * *
You puncture the porcupine!
The porcupine is almost dead.
The porcupine bites you.
You die...

.≈... .$≈.≈.
.≈..... ###
..≈##### ###
##... #.# #.#
..... #.# #.#
..P..P #.# #.#
#....Pr
#########.#
#.#####.PPP.PP
#.........#
#..@ror.P.PP#
#.#########
#.####...P.P#
#.# #.#
##..P..# #.#
#.# .oP..# #.#
### #.#


Po.P.P. #.######>####.# #.PrP.. ##.............# .P..P. .########.#.#### ......
.# #.#.# You could see 2 porcupines and an orc.

Vanquished Creatures
  The ghost of thomasnlv21 the Cleaver, a novice MiBe of Trog (D:8)
  A hungry ghost (D:7)
  An acid dragon (D:8)
  A water moccasin (D:8)
  An ice beast (D:6)
  An orc warrior (D:8)
  3 ogres
  2 centaurs
  A crocodile (D:8)
  An elf zombie (D:6)
  2 gnoll sergeants (D:7)
  A bullfrog (D:6)
  2 water moccasin zombies (Ossuary)
  3 elf skeletons (D:6)
  A water moccasin skeleton (D:4)
  2 scorpions (D:6)
  A crimson imp (D:6)
  A bullfrog zombie (D:7)
  A hound (D:5)
  2 centaur skeletons (D:5)
  A jelly (D:7)
  3 orc priests
  A human skeleton (D:6)
  Jessica (D:2)
  6 worker ants
  Natasha (thrice) (D:2)
  3 iguanas
  2 orc wizards
  2 big kobold zombies (Ossuary)
  A hound skeleton (D:5)
  2 mummies (Ossuary)
  A worker ant zombie (D:6)
  14 gnolls
  A howler monkey skeleton (D:5)
  5 adders
  3 shadow imps
  2 oozes
  An adder skeleton (D:4)
  7 adder zombies
  3 worms
  3 dart slugs
  2 leopard geckos
  12 orcs
  6 bats
  A giant cockroach (D:3)
  4 gnoll zombies (Ossuary)
  9 hobgoblins
  5 jackals
  3 quokkas
  2 ball pythons
  A ball python skeleton (D:4)
  4 frilled lizards
  4 goblins
  A hobgoblin zombie (Ossuary)
  5 kobolds
  6 kobold zombies (Ossuary)
  A leopard gecko zombie (D:5)
  An orc skeleton (D:6)
  4 orc zombies (Ossuary)
  5 rats
170 creatures vanquished.

Vanquished Creatures (others)
  A phantom (D:5)
  A frilled lizard (D:5)
  A fungus (D:8)
3 creatures vanquished.

Grand Total: 173 creatures vanquished

Notes
Turn   | Place    | Note
-------+----------+-------------------------------------------
     0 | D:1      | Velaskes the Ogre Berserker began the quest for the Orb.
     0 | D:1      | Reached XP level 1. HP: 24/24 MP: 1/1
   159 | D:1      | Reached XP level 2. HP: 13/32 MP: 2/2
  1113 | D:2      | Reached skill level 3 in Maces & Flails
  1113 | D:2      | Reached XP level 3. HP: 14/40 MP: 3/3
  1740 | D:2      | Reached XP level 4. HP: 23/49 MP: 4/4
  1905 | D:2      | Found an opulent altar of Gozag.
  1905 | D:2      | Found a glowing silver altar of Zin.
  1996 | D:2      | Found a shimmering altar of Xom.
  1996 | D:2      | Noticed Jessica
  2018 | D:2      | Killed Jessica
  2018 | D:2      | Reached ** piety under Trog
  2219 | D:2      | Noticed Natasha
  2231 | D:2      | Killed Natasha
  2231 | D:2      | Reached skill level 5 in Fighting
  2231 | D:2      | Reached XP level 5. HP: 23/57 MP: 5/5
  2489 | D:2      | Noticed Natasha
  2503 | D:2      | Killed Natasha
  2707 | D:2      | Noticed Natasha
  2716 | D:2      | Killed Natasha
  2716 | D:2      | Reached skill level 4 in Maces & Flails
  3204 | D:3      | Found a basalt altar of Yredelemnul.
  3296 | D:3      | Found a white marble altar of Elyvilon.
  3477 | D:3      | Reached XP level 6. HP: 22/66 MP: 6/6
  3931 | D:4      | Found a blossoming altar of Fedhas.
  3948 | D:4      | Found Juollevu's Book Boutique.
  4377 | D:4      | Reached skill level 5 in Maces & Flails
  4377 | D:4      | Reached skill level 1 in Stealth
  4390 | D:4      | Reached XP level 7. HP: 71/74 MP: 7/7
  5239 | D:5      | Entered Level 5 of the Dungeon
  5684 | D:5      | Found an ancient bone altar of Kikubaaqudgha.
  5937 | D:5      | Found a burning altar of Makhleb.
  6140 | D:6      | Found a sand-covered staircase.
  6150 | D:6      | Reached skill level 6 in Maces & Flails
  6223 | D:6      | Reached XP level 8. HP: 63/84 MP: 8/8
  6285 | Ossuary  | Entered an ossuary
  6315 | Ossuary  | Reached *** piety under Trog
  6494 | Ossuary  | Reached skill level 7 in Maces & Flails
  7621 | D:6      | Found an iron altar of Okawaru.
  7647 | D:6      | Reached skill level 5 in Dodging
  8014 | D:7      | Reached **** piety under Trog
  8019 | D:7      | Reached skill level 8 in Maces & Flails
  8019 | D:7      | Reached XP level 9. HP: 72/93 MP: 9/9
  8422 | D:7      | Found an ornate altar of the Wu Jian Council.
  8996 | D:7      | Found a staircase to the Ecumenical Temple.
  9366 | D:8      | Found a sparkling altar of Nemelex Xobeh.
  9376 | D:8      | Reached skill level 9 in Maces & Flails
  9448 | D:8      | Found a transporter.
  9448 | D:8      | Noticed thomasnlv21's ghost (novice MiBe)
  9467 | D:8      | Found a transporter.
  9542 | D:8      | Killed thomasnlv21's ghost
  9910 | D:8      | Reached XP level 10. HP: 69/106 MP: 10/10
  9912 | D:8      | Reached skill level 10 in Maces & Flails
  9926 | D:8      | HP: 2/107 [porcupine's spines (8)]
  9932 | D:8      | HP: 1/160 [porcupine's spines (10)]
  9932 | D:8      | Slain by a porcupine

Skill      XL: |  1  2  3  4  5  6  7  8  9 10 |
---------------+-------------------------------+-----
Dodging        | 3 4 5 |  5.5
Maces & Flails | 3 4 5 6 8 9 10 | 10.0
Fighting       | 5 6 7 8 9 |  9.0
Stealth        | 1 2 3 |  3.0
Unarmed Combat | |  0.2

Action                   |  1- 3 |  4- 6 |  7- 9 | 10-12 || total
-------------------------+-------+-------+-------+-------++-------
Melee: Mace              |    88 |   123 |       |       ||   211
       Unarmed           |       |     4 |       |       ||     4
       Giant club        |       |     3 |   276 |       ||   279
       Giant spiked club |       |       |    57 |    16 ||    73
Invok: Berserk           |       |     2 |     1 |     1 ||     4
       Trog's Hand       |       |     1 |       |     1 ||     2
  Use: Potion            |     4 |     7 |     3 |     3 ||    17
       Scroll            |     4 |     2 |     5 |       ||    11
 Stab: Sleeping          |       |     1 |     5 |       ||     6
  Eat: Ration            |     1 |     3 |     4 |       ||     8
       Chunk             |     1 |       |     4 |       ||     5
Armor: Animal skin       |    23 |    15 |    97 |     3 ||   138
       Robe              |       |    26 |       |       ||    26
       Skin              |       |     2 |       |       ||     2
Dodge: Dodged            |    48 |    98 |   196 |    11 ||   353
